 Dungeon Crawl Stone Soup version 0.30.0-15-g856e2d3f33 (webtiles) character file.

Game seed: 3695590648798390484

86365 qw the Severer (level 15, -2/96 HPs)
             Began as a Gargoyle Fighter on May 20, 2023.
             Was a High Priest of Okawaru.
             Killed from afar by a raiju (6 damage)
             ... with a living lightning
             ... on level 2 of the Abyss.
             The game lasted 00:10:04 (19434 turns).

qw the Severer (Gargoyle Fighter)                  Turns: 19434, Time: 00:10:05

Health: -2/96      AC: 36    Str: 29    XL:     15   Next: 87%
Magic:  22/22      EV:  9    Int: 20    God:    Okawaru [*****.]
Gold:   1783       SH:  0    Dex: 14    Spells: 14/14 levels left

rFire   . . .        Y - +3 broad axe (heavy)
rCold   . . .        n - +0 kite shield
rNeg    + . .        t - +0 plate armour
rPois   inf          h - +1 helmet
rElec   +            i - +0 cloak
rCorr   .            b - +1 pair of gloves "Dohumen" {Str+4 Int+3}
SInv    .            j - +0 pair of boots
Will    +....        u - amulet of reflection Stlth
                     e - +6 ring of dexterity
HPRegen 0.36/turn    l - ring of the Final Decision {Int+3 Slay+4}
MPRegen 0.18/turn

%: reflection
@: confused, flying
A: sickness immunity, AC +11, big wings, negative energy resistance 1,
electricity resistance, torment resistance 1, petrification resistance, hooves
1, iridescent scales 1, clever 1
a: Renounce Religion, Heroism, Finesse, Duel


You were on level 2 of the Abyss.
You worshipped Okawaru.
Okawaru was extremely pleased with you.
You visited 3 branches of the dungeon, and saw 21 of its levels.
You visited the Abyss 1 time.
You also visited: Ossuary.

You collected 1948 gold pieces.
You spent 165 gold pieces at shops.


Innate Abilities, Weirdness & Mutations

You are immune to sickness and miasma.
Your stone body is resilient. (AC +11)
You are immune to poison.
Your large and strong wings let you fly.
You resist negative energy. (rN+)
You are resistant to electric shocks. (rElec)
You are resistant to unholy torment.
You are immune to petrification.
You have large cloven feet.
You are partially covered in iridescent scales. (AC +2)
Your mind is acute. (Int +4, Str/Dex -1)


   Skills:
 - Level 12.0 Fighting
 - Level 16.0 Axes
 - Level 6.1 Throwing
 - Level 12.0 Armour
 - Level 4.1 Dodging
 + Level 12.4 Shields
 - Level 10.0 Invocations


You had 14 spell levels left.
You didn't know any spells.
Your spell library was empty.

Inventory:

Hand Weapons
 w - a +0 war axe of flaming
 Y - a +3 heavy broad axe (weapon)
Missiles
 B - a silver javelin (quivered)
 D - a boomerang
Armour
 b - the +1 pair of gloves "Dohumen" (worn) {Str+4 Int+3}
   (You acquired it on level 10 of the Dungeon)

   Str:       It affects your strength (+4).
   Int:       It affects your intelligence (+3).
 h - a +1 helmet (worn)
 i - a +0 cloak (worn)
 j - a +0 pair of boots (worn)
 n - a +0 kite shield (worn)
 t - a +0 plate armour (worn)
 y - the +0 pair of gloves of the Vestibule of Hell {rC+ rN+ Stlth+}
   (Okawaru gifted it to you on level 2 of the Lair of Beasts)

   rC:        It protects you from cold.
   rN:        It protects you from negative energy.
   Stlth:     It makes you more stealthy.
 z - a +4 ring mail of cold resistance
 A - +0 fire dragon scales
Jewellery
 e - a +6 ring of dexterity (left hand)
 k - a ring of ice
 l - the ring of the Final Decision (right hand) {Int+3 Slay+4}
   (You took it off a kobold on level 6 of the Dungeon)

   [ring of slaying]

   Int:       It affects your intelligence (+3).
   Slay:      It affects your accuracy & damage with ranged weapons and melee
   (+4).
 r - a ring of ice
 u - an amulet of reflection (around neck)
 x - a ring of resist corrosion
Wands
 o - a wand of digging (12)
Scrolls
 g - 13 scrolls of identify
 s - 17 scrolls of teleportation
Potions
 a - 3 potions of attraction
 d - 6 potions of might
 f - 2 potions of cancellation
 m - 5 potions of mutation
 q - 8 potions of lignification
 v - 6 potions of magic
 C - a potion of resistance

Dungeon Overview and Level Annotations

Branches:
Dungeon (15/15)            Temple (1/1) D:7            Lair (5/5) D:11
 Shoals (0/4) Lair:3        Snake (0/4) Lair:3        Slime (0/5) Lair:5
    Orc (0/2) D:9          Vaults (0/5) D:13        Ossuary (visited)
 Depths: D:15

Altars:
Ashenzari
Cheibriados
Dithmenos
Elyvilon
Fedhas
Gozag
Hepliaklqana
Kikubaaqudgha
Makhleb
Nemelex Xobeh
Okawaru
Qazlal
Ru
Sif Muna
Trog
Uskayaw
Vehumet
Wu Jian
Xom
Yredelemnul
Zin
The Shining One
Jiyva

Shops:
D:5 *   D:12 *

Annotations:
Lair:4 1 runed translucent door, qw's ghost, journeyman GrCA


Message History

You are more confused.
The raiju misses you.
The smoke demon hits you but does no damage.
The smoke demon barely misses you. x2; The raiju bites you but does no damage.
The raiju bites you but does no damage. The smoke demon hits you.
The smoke demon barely misses you. The smoke demon closely misses you.
The raiju bursts into living lightning!
The living lightning hits you. You resist.
The raiju blinks!
The tormentor calls on the powers of darkness!
The raiju convulses! x4; You feel a surge of unholy energy.
The raiju bites you but does no damage.
The smoke demon hits you but does no damage.
The smoke demon barely misses you. The smoke demon closely misses you.
The raiju bites you but does no damage.
The tormentor calls on the powers of darkness!
The raiju convulses! x4; You feel a surge of unholy energy.
The golden eye blinks at you.
You are more confused.
The raiju completely misses you. The smoke demon closely misses you.
The smoke demon hits you but does no damage. x2
The tormentor calls on the powers of darkness!
The raiju convulses! x2; You feel a surge of unholy energy.
The raiju bites you but does no damage. The golden eye blinks at you.
You are more confused.
The raiju barely misses you.
The smoke demon hits you but does no damage.
The smoke demon misses you.
The smoke demon hits you but does no damage.
The raiju bites you but does no damage. The raiju bites you but does no damage.
The golden eye blinks at you.
You are more confused.
The smoke demon hits you but does no damage. x3
The raiju bites you but does no damage. The raiju misses you.
The smoke demon hits you but does no damage. x3
The raiju bursts into living lightning!
The living lightning hits you. You resist.
You die...

.#. .#
# .. #
##..#(
. .# #
. . ..
. . ..
. . .
. .. .
.. .#
.%# .
. . .
. . #
...
### .#
~ ..
#3## .
#@#. .
## ~ .


#hhG# # #2##....# # # #hh. .... . . ... ... . #.... .. #...# . # ..#.. You could
see a smoke demon, a tormentor, 4 raiju and a golden eye.

Vanquished Creatures
  Jorgrun (D:12)
  Frances (D:14)
  Kirke (D:12)
  A dire elephant (Lair:5)
  Snorg (D:10)
  A yaktaur captain (D:13)
  A fire dragon (Lair:5)
  Erolcha (D:11)
  Erica (D:8)
  A catoblepas (Lair:3)
  3 hydras
  5 centaur warriors
  2 tengu warriors (D:14)
  6 death yaks (Lair:5)
  4 boulder beetles
  4 two-headed ogres
  A large abomination (Abyss:2)
  Sonja (Lair:2)
  Lodul (D:13)
  A swamp dragon (Lair:5)
  A deep elf pyromancer (D:14)
  3 oklob plants (Lair:5)
  6 ugly things (D:14)
  2 manticores
  10 elephants (Lair:2)
  Maurice (D:8)
  5 cyclopes
  4 black mambas
  A gargoyle (D:10)
  15 cane toads
  A merfolk siren (Lair:3)
  2 torpor snails
  A smoke demon (Abyss:2)
  2 yaktaurs (D:13)
  A rime drake (Lair:5)
  A kobold demonologist (D:14)
  A tengu conjurer (D:15)
  14 komodo dragons
  A freezing wraith (D:15)
  2 trolls (D:9)
  11 polar bears
  A hornet (D:8)
  7 raiju
  Grinder (D:4)
  33 blink frogs
  11 dream sheep
  A centaur simulacrum (D:14)
  8 slime creatures
  2 shadows
  A ynoxinul (Abyss:2)
  53 yaks
  6 wyverns
  6 wraiths
  4 basilisks
  2 golden eyes (Abyss:2)
  2 humans (D:12)
  3 hogs (D:12)
  15 vampire mosquitoes
  4 steam dragons
  4 wargs (Lair:5)
  2 acid dragons (Lair:5)
  14 hell hounds (Lair:5)
  Duvessa (D:4)
  9 water moccasins
  9 orc warriors
  A swamp drake (Lair:5)
  15 black bears
  2 sky beasts
  An ice beast (D:7)
  A black bear (shapeshifter) (D:13)
  4 centaurs
  17 wolves
  13 ogres
  A boggart (D:13)
  A phantom (D:5)
  6 kobold brigands
  Blork the orc (D:4)
  19 bullfrogs
  A gnoll sergeant (D:6)
  6 scorpions
  Dowan (D:4)
  9 killer bees (D:9)
  3 electric eels
  7 howler monkeys
  2 human zombies (D:4)
  3 jellies
  7 orc priests
  5 hounds
  6 iguanas
  2 human skeletons (D:4)
  8 orc wizards
  A mummy (Ossuary)
  Robin (D:2)
  7 adders
  7 gnolls (D:6)
  An ufetubus (D:5)
  2 dart slugs
  39 orcs
  7 endoplasms
  2 giant cockroaches
  11 goblins
  10 hobgoblins
  4 jackals (D:5)
  5 quokkas (D:2)
  8 ball pythons
  A bat (D:1)
  4 frilled lizards
  5 gnoll skeletons (Ossuary)
  25 kobolds
  8 kobold skeletons (Ossuary)
  14 orc skeletons
  2 rats
  A butterfly (Lair:4)
629 creatures vanquished.

Vanquished Creatures (others)
  A golden eye (Abyss:2)
1 creature vanquished.

Grand Total: 630 creatures vanquished

Notes
Turn   | Place    | Note
-------+----------+-------------------------------------------
     0 | D:1      | qw the Gargoyle Fighter began the quest for the Orb.
     0 | D:1      | Reached XP level 1. HP: 14/14 MP: 1/1
     0 | D:1      | 0 ||| qw: Version: 0.2-a-97-g499787f
     0 | D:1      | 0 ||| qw: Game counter: 68
     0 | D:1      | 0 ||| qw: Always use a shield: true
     0 | D:1      | 0 ||| qw: God list: Okawaru
     0 | D:1      | 0 ||| qw: Allow faded altars: false
     0 | D:1      | 0 ||| qw: Do Orc after D:15 true
     0 | D:1      | 0 ||| qw: Do second Lair branch before Depths: true
     0 | D:1      | 0 ||| qw: Lair rune preference: random
     0 | D:1      | 0 ||| qw: Plans: Normal, Zot:1-4, God:TSO, Crypt, Tomb,
                  | Pan, Slime:5, Hells, Abyss, Win
     0 | D:1      | 0 ||| PLANNING D:1-11
    63 | D:1      | Reached skill level 2 in Axes
   236 | D:1      | Reached XP level 2. HP: 19/19 MP: 2/2
   666 | D:1      | 666 ||| UPGRADING to +6 ring of dexterity.
   667 | D:1      | 667 ||| READING scroll labelled TAYFIDD VUQIAPU.
   671 | D:1      | 671 ||| READING scroll labelled QONKIN RARICVA.
   672 | D:1      | 672 ||| READING scroll labelled FOEFFO HAJUSCH.
   673 | D:1      | 673 ||| READING scroll labelled ACOICI CEOVAREEWN.
   674 | D:1      | 674 ||| DRINKING 2 smoky grey potions.
   675 | D:1      | 675 ||| DRINKING 2 murky black potions.
   675 | D:1      | Gained mutation: Your mind is acute. (Int +4, Str/Dex -1)
                  | [potion of mutation]
   675 | D:1      | Gained mutation: You have large cloven feet. [potion of
                  | mutation]
   675 | D:1      | Gained mutation: You are partially covered in iridescent
                  | scales. (AC +2) [potion of mutation]
   676 | D:1      | 676 ||| DROPPING potion of invisibility.
   740 | D:2      | Reached skill level 3 in Axes
   740 | D:2      | Reached XP level 3. HP: 23/23 MP: 3/3
   806 | D:2      | 806 ||| Stepping ~*~*~tactically~*~*~ (stealth).
   808 | D:2      | 808 ||| Stepping ~*~*~tactically~*~*~ (stealth).
   818 | D:2      | 818 ||| Stepping ~*~*~tactically~*~*~ (stealth).
   871 | D:2      | Identified the +0 leather armour of the Present {rPois
                  | Will+ Str+2}
   878 | D:2      | 878 ||| Stepping ~*~*~tactically~*~*~ (stealth).
   879 | D:2      | Noticed Robin
   880 | D:2      | 880 ||| Stepping ~*~*~tactically~*~*~ (hiding).
   881 | D:2      | 881 ||| Stepping ~*~*~tactically~*~*~ (stealth).
   882 | D:2      | 882 ||| Stepping ~*~*~tactically~*~*~ (hiding).
   885 | D:2      | 885 ||| Stepping ~*~*~tactically~*~*~ (hiding).
   886 | D:2      | 886 ||| Stepping ~*~*~tactically~*~*~ (hiding).
   895 | D:2      | Killed Robin
   926 | D:2      | 926 ||| Stepping ~*~*~tactically~*~*~ (stealth).
   950 | D:2      | Reached XP level 4. HP: 27/28 MP: 4/4
   970 | D:2      | 970 ||| Stepping ~*~*~tactically~*~*~ (stealth).
   972 | D:2      | 972 ||| Stepping ~*~*~tactically~*~*~ (stealth).
  1146 | D:2      | 1146 ||| Stepping ~*~*~tactically~*~*~ (hiding).
  1147 | D:2      | 1147 ||| Stepping ~*~*~tactically~*~*~ (hiding).
  1515 | D:2      | 1515 ||| DROPPING +0 leather armour of the Present {rPois
                  | Will+ Str+2}.
  1516 | D:2      | 1516 ||| UPGRADING to +0 helmet.
  1521 | D:2      | 1521 ||| DROPPING ring of magical power.
  1522 | D:2      | 1522 ||| READING scroll labelled ILEH ONKONOUP.
  1523 | D:2      | 1523 ||| DRINKING 2 brown potions.
  1562 | D:3      | Reached skill level 4 in Axes
  2018 | D:3      | Identified the +1 whip "Xap Onam" {flame, rElec rPois Str-4
                  | Int+4}
  2020 | D:3      | 2020 ||| DROPPING +0 club.
  2032 | D:3      | Found a sacrificial altar of Ru.
  2037 | D:3      | Found a burning altar of Makhleb.
  2037 | D:3      | Found a sparkling altar of Nemelex Xobeh.
  2050 | D:3      | Found a broken altar of Ashenzari.
  2053 | D:3      | Found a shadowy altar of Dithmenos.
  2145 | D:3      | 2145 ||| READING scroll labelled SUUS QANAOPUEZ.
  2146 | D:3      | 2146 ||| READING scroll labelled ZATTEU NEOWKU.
  2147 | D:3      | 2147 ||| READING scroll labelled IMMONI HECZIWK.
  2148 | D:3      | 2148 ||| READING scroll labelled REKOMU WOUQEO.
  2149 | D:3      | 2149 ||| READING scroll labelled UNAWNI ILEP.
  2150 | D:3      | 2150 ||| READING scroll labelled XOEBLA BUNEAFROS.
  2151 | D:3      | 2151 ||| DROPPING +1 whip "Xap Onam" {flame, rElec rPois
                  | Str-4 Int+4}.
  2152 | D:3      | 2152 ||| DRINKING 2 lumpy blue potions.
  2187 | D:4      | 2187 ||| PLANNING OSSUARY
  2191 | D:4      | 2191 ||| STAIRDANCE
  2195 | D:3      | Reached skill level 1 in Dodging
  2294 | D:4      | Reached XP level 5. HP: 32/32 MP: 5/5
  2337 | D:4      | Found a sand-covered staircase.
  2348 | D:4      | Reached skill level 5 in Axes
  2348 | D:4      | 2348 ||| READING 2 scrolls of identify.
  2348 | D:4      | 2348 ||| IDENTIFYING ruby potion
  2349 | D:4      | 2349 ||| DROPPING potion of ambrosia.
  2353 | Ossuary  | Entered an ossuary
  2353 | Ossuary  | Noticed a wraith
  2353 | Ossuary  | Noticed a wraith
  2353 | Ossuary  | Noticed a wraith
  2365 | Ossuary  | Reached XP level 6. HP: 37/37 MP: 6/6
  2451 | Ossuary  | Noticed a wraith
  2478 | Ossuary  | Killed a wraith
  2571 | Ossuary  | 2571 ||| READING scroll labelled DOJ LOLIJE.
  2572 | Ossuary  | 2572 ||| READING 3 scrolls of identify.
  2572 | Ossuary  | 2572 ||| IDENTIFYING murky grey potion
  2573 | Ossuary  | 2573 ||| READING 2 scrolls of identify.
  2573 | Ossuary  | 2573 ||| IDENTIFYING viscous dark potion
  2574 | Ossuary  | 2574 ||| DROPPING potion of degeneration.
  2582 | D:4      | 2582 ||| PLANNING D:1-11
  2641 | D:4      | Noticed Grinder
  2657 | D:4      | Killed Grinder
  2658 | D:4      | Reached skill level 6 in Axes
  2658 | D:4      | Reached XP level 7. HP: 34/44 MP: 7/7
  2768 | D:4      | 2768 ||| Stepping ~*~*~tactically~*~*~ (stealth).
  2831 | D:4      | Noticed Duvessa
  2832 | D:4      | Noticed Dowan
  2845 | D:4      | Killed Duvessa
  2846 | D:4      | Reached skill level 7 in Axes
  2846 | D:4      | Killed Dowan
  2847 | D:4      | Reached skill level 1 in Throwing
  2847 | D:4      | Reached XP level 8. HP: 26/49 MP: 8/8
  2944 | D:4      | Found a bloodstained altar of Trog.
  2944 | D:4      | Noticed Blork the orc
  2945 | D:4      | 2945 ||| Stepping ~*~*~tactically~*~*~ (hiding).
  2961 | D:4      | Killed Blork the orc
  3293 | D:4      | 3293 ||| UPGRADING to +0 chain mail.
  3303 | D:4      | 3303 ||| DROPPING +0 scale mail.
  3304 | D:4      | 3304 ||| READING scroll labelled DUOWUO QAPH.
  3304 | D:4      | Identified a scroll of acquirement
  3304 | D:4      | 3304 ||| ACQUIRING +0 heavy broad axe
  3304 | D:4      | Acquired a +0 heavy broad axe
  3306 | D:4      | 3306 ||| SWAPPING to +0 heavy broad axe.
  3307 | D:4      | 3307 ||| READING 4 scrolls of identify.
  3307 | D:4      | 3307 ||| IDENTIFYING fizzy cyan potion
  3308 | D:4      | 3308 ||| DROPPING potion of flight.
  3355 | D:5      | Entered Level 5 of the Dungeon
  3359 | D:5      | Reached skill level 8 in Axes
  3383 | D:5      | 3383 ||| Stepping ~*~*~tactically~*~*~ (hiding).
  3384 | D:5      | 3384 ||| Stepping ~*~*~tactically~*~*~ (hiding).
  3386 | D:5      | 3386 ||| Stepping ~*~*~tactically~*~*~ (hiding).
  3539 | D:5      | Found Cirphuph's Gadget Gallery.
  3720 | D:5      | Reached skill level 6 in Fighting
  3775 | D:5      | 3775 ||| Stepping ~*~*~tactically~*~*~ (stealth).
  4421 | D:5      | 4421 ||| UPGRADING to +0 pair of boots.
  4426 | D:5      | 4426 ||| READING 3 scrolls of identify.
  4426 | D:5      | 4426 ||| IDENTIFYING bubbling inky potion
  4427 | D:5      | 4427 ||| DROPPING potion of brilliance.
  4541 | D:6      | 4541 ||| Stepping ~*~*~tactically~*~*~ (water).
  4544 | D:6      | Reached XP level 9. HP: 52/55 MP: 9/9
  4606 | D:6      | 4606 ||| Stepping ~*~*~tactically~*~*~ (stealth).
  4608 | D:6      | 4608 ||| Stepping ~*~*~tactically~*~*~ (hiding).
  4610 | D:6      | Reached skill level 9 in Axes
  4611 | D:6      | 4611 ||| Stepping ~*~*~tactically~*~*~ (hiding).
  4612 | D:6      | 4612 ||| Stepping ~*~*~tactically~*~*~ (hiding).
  4724 | D:6      | Identified the ring of the Final Decision {Int+3 Slay+4}
  4761 | D:6      | 4761 ||| Stepping ~*~*~tactically~*~*~ (hiding).
  4799 | D:6      | 4799 ||| Stepping ~*~*~tactically~*~*~ (hiding).
  4801 | D:6      | 4801 ||| Stepping ~*~*~tactically~*~*~ (hiding).
  5160 | D:6      | Found a glowing silver altar of Zin.
  5388 | D:6      | 5388 ||| UPGRADING to +0 kite shield.
  5398 | D:6      | 5398 ||| DROPPING +0 buckler.
  5399 | D:6      | 5399 ||| DROPPING scarf of shadows.
  5400 | D:6      | 5400 ||| UPGRADING to ring of the Final Decision {Int+3
                  | Slay+4}.
  5428 | D:7      | 5428 ||| Stepping ~*~*~tactically~*~*~ (hiding).
  5544 | D:7      | 5544 ||| Stepping ~*~*~tactically~*~*~ (hiding).
  5669 | D:7      | 5669 ||| Stepping ~*~*~tactically~*~*~ (stealth).
  5763 | D:7      | 5763 ||| Stepping ~*~*~tactically~*~*~ (hiding).
  5772 | D:7      | Reached skill level 6 in Shields
  5827 | D:7      | Found a staircase to the Ecumenical Temple.
  5828 | D:7      | 5828 ||| PLANNING TEMPLE
  5828 | D:7      | 5828 ||| UPGRADING to +0 pair of gloves.
  5833 | D:7      | 5833 ||| UPGRADING to +0 plate armour.
  5843 | D:7      | 5843 ||| DROPPING +0 chain mail.
  5844 | D:7      | 5844 ||| UPGRADING to amulet of regeneration.
  5855 | Temple   | Entered the Ecumenical Temple
  5855 | Temple   | Found a transporter.
  5855 | Temple   | Found a transporter.
  5856 | Temple   | 5856 ||| PLANNING OKAWARU WORSHIP
  5857 | Temple   | Found a transporter.
  5857 | Temple   | Found a transporter.
  5885 | Temple   | Became a worshipper of Warmaster Okawaru
  5885 | Temple   | 5885 ||| PLANNING D:1-11
  6016 | D:7      | 6016 ||| Stepping ~*~*~tactically~*~*~ (stealth).
  6018 | D:7      | 6018 ||| Stepping ~*~*~tactically~*~*~ (hiding).
  6019 | D:7      | 6019 ||| Stepping ~*~*~tactically~*~*~ (hiding).
  6146 | D:7      | 6146 ||| Stepping ~*~*~tactically~*~*~ (stealth).
  6240 | D:8      | Noticed Erica
  6245 | D:8      | 6245 ||| DRINKING 7 potions of curing.
  6245 | D:8      | 6245 ||| (to cure confusion)
  6251 | D:8      | Killed Erica
  6252 | D:8      | Reached XP level 10. HP: 63/63 MP: 10/10
  6424 | D:8      | Noticed Maurice
  6430 | D:8      | Killed Maurice
  6430 | D:8      | Reached * piety under Okawaru
  6431 | D:8      | Reached skill level 6 in Armour
  6434 | D:8      | 6434 ||| INVOKING Heroism.
  6451 | D:8      | Reached skill level 9 in Shields
  6549 | D:8      | 6549 ||| Stepping ~*~*~tactically~*~*~ (stealth).
  6782 | D:8      | Reached skill level 1 in Invocations
  6782 | D:8      | 6782 ||| Stepping ~*~*~tactically~*~*~ (hiding).
  6969 | D:8      | 6969 ||| Stepping ~*~*~tactically~*~*~ (hiding).
  6970 | D:8      | 6970 ||| Stepping ~*~*~tactically~*~*~ (hiding).
  7072 | D:8      | 7072 ||| Stepping ~*~*~tactically~*~*~ (stealth).
  7547 | D:8      | 7547 ||| UPGRADING to +0 cloak.
  7552 | D:8      | 7552 ||| UPGRADING to amulet of reflection.
  7562 | D:8      | 7562 ||| DROPPING amulet of regeneration.
  7590 | D:9      | 7590 ||| Stepping ~*~*~tactically~*~*~ (stealth).
  7722 | D:9      | 7722 ||| Stepping ~*~*~tactically~*~*~ (stealth).
  7734 | D:9      | 7734 ||| Stepping ~*~*~tactically~*~*~ (stealth).
  7767 | D:9      | Noticed a boulder beetle
  7768 | D:9      | 7768 ||| Stepping ~*~*~tactically~*~*~ (stealth).
  7770 | D:9      | 7770 ||| INVOKING Heroism.
  7781 | D:9      | 7781 ||| INVOKING Heroism.
  7784 | D:9      | Killed a boulder beetle
  7785 | D:9      | Reached skill level 10 in Axes
  7841 | D:9      | Reached skill level 3 in Invocations
  7843 | D:9      | Reached XP level 11. HP: 56/67 MP: 13/13
  7844 | D:9      | 7844 ||| INVOKING Heroism.
  7855 | D:9      | 7855 ||| Stepping ~*~*~tactically~*~*~ (hiding).
  7863 | D:9      | 7863 ||| Stepping ~*~*~tactically~*~*~ (stealth).
  7885 | D:9      | 7885 ||| Stepping ~*~*~tactically~*~*~ (stealth).
  7886 | D:9      | 7886 ||| INVOKING Heroism.
  7938 | D:9      | 7938 ||| Stepping ~*~*~tactically~*~*~ (stealth).
  7940 | D:9      | 7940 ||| Stepping ~*~*~tactically~*~*~ (stealth).
  7955 | D:9      | 7955 ||| DRINKING 7 potions of curing.
  7955 | D:9      | 7955 ||| (to cure confusion)
  7961 | D:9      | 7961 ||| Stepping ~*~*~tactically~*~*~ (stealth).
  7961 | D:9      | Found a staircase to the Orcish Mines.
  7984 | D:9      | 7984 ||| Stepping ~*~*~tactically~*~*~ (stealth).
  7986 | D:9      | 7986 ||| Stepping ~*~*~tactically~*~*~ (hiding).
  8023 | D:9      | 8023 ||| Stepping ~*~*~tactically~*~*~ (stealth).
  8024 | D:9      | 8024 ||| Stepping ~*~*~tactically~*~*~ (stealth).
  8057 | D:9      | 8057 ||| INVOKING Heroism.
  8097 | D:9      | 8097 ||| Stepping ~*~*~tactically~*~*~ (hiding).
  8216 | D:9      | 8216 ||| Stepping ~*~*~tactically~*~*~ (stealth).
  8427 | D:9      | 8427 ||| READING scroll labelled ZAZXAF KO NEMO.
  8428 | D:9      | 8428 ||| READING 6 scrolls of identify.
  8428 | D:9      | 8428 ||| IDENTIFYING fuming silvery potion
  8439 | D:10     | Entered Level 10 of the Dungeon
  8486 | D:10     | Reached ** piety under Okawaru
  8619 | D:10     | 8619 ||| READING scroll of acquirement.
  8619 | D:10     | 8619 ||| ACQUIRING +1 pair of gloves "Dohumen" {Str+4
                  | Int+3}
  8619 | D:10     | Acquired the +1 pair of gloves "Dohumen" {Str+4 Int+3}
  8621 | D:10     | 8621 ||| UPGRADING to +1 pair of gloves "Dohumen" {Str+4
                  | Int+3}.
  8631 | D:10     | 8631 ||| DROPPING +0 pair of gloves.
  8752 | D:10     | 8752 ||| Stepping ~*~*~tactically~*~*~ (stealth).
  8828 | D:10     | Noticed a two-headed ogre
  8829 | D:10     | 8829 ||| INVOKING Heroism.
  8831 | D:10     | Killed a two-headed ogre
  8832 | D:10     | Reached skill level 11 in Axes
  8874 | D:10     | Noticed Snorg
  8875 | D:10     | 8875 ||| INVOKING Heroism.
  8888 | D:10     | Killed Snorg
  8888 | D:10     | Reached *** piety under Okawaru
  9225 | D:11     | 9225 ||| INVOKING Heroism.
  9265 | D:11     | Noticed Erolcha
  9266 | D:11     | 9266 ||| INVOKING Heroism.
  9270 | D:11     | Killed Erolcha
  9271 | D:11     | Reached skill level 9 in Fighting
  9300 | D:11     | 9300 ||| Stepping ~*~*~tactically~*~*~ (hiding).
  9302 | D:11     | 9302 ||| Stepping ~*~*~tactically~*~*~ (hiding).
  9333 | D:11     | 9333 ||| INVOKING Heroism.
  9379 | D:11     | Found a staircase to the Lair.
  9391 | D:11     | Reached **** piety under Okawaru
  9392 | D:11     | Reached skill level 9 in Armour
  9395 | D:11     | Reached XP level 12. HP: 76/76 MP: 15/15
  9411 | D:11     | Noticed a two-headed ogre
  9420 | D:11     | 9420 ||| INVOKING Heroism.
  9421 | D:11     | Killed a two-headed ogre
  9955 | D:11     | 9955 ||| PLANNING LAIR
  9955 | D:11     | 9955 ||| DROPPING ring of willpower.
  9956 | D:11     | 9956 ||| READING 2 scrolls labelled KARUCEIKOI.
  9957 | D:11     | 9957 ||| READING scroll of enchant armour.
  9957 | D:11     | 9957 ||| ENCHANTING +0 helmet.
  9990 | Lair:1   | Entered Level 1 of the Lair of Beasts
 10254 | Lair:1   | 10254 ||| Stepping ~*~*~tactically~*~*~ (stealth).
 10261 | Lair:1   | 10261 ||| Stepping ~*~*~tactically~*~*~ (stealth).
 10263 | Lair:1   | 10263 ||| INVOKING Heroism.
 10264 | Lair:1   | 10264 ||| Stepping ~*~*~tactically~*~*~ (stealth).
 10271 | Lair:1   | Reached skill level 12 in Axes
 10272 | Lair:1   | Reached skill level 6 in Invocations
 10285 | Lair:1   | Reached ***** piety under Okawaru
 10350 | Lair:1   | Reached skill level 3 in Dodging
 10753 | Lair:2   | 10753 ||| INVOKING Heroism.
 10758 | Lair:2   | Received a gift from Okawaru
 10772 | Lair:2   | 10772 ||| INVOKING Heroism.
 10789 | Lair:2   | Identified the +0 pair of gloves of the Vestibule of Hell
                  | {rC+ rN+ Stlth+} (Okawaru gifted it to you on level 2 of
                  | the Lair of Beasts)
 10789 | Lair:2   | Received a gift from Okawaru
 10905 | Lair:2   | 10905 ||| INVOKING Heroism.
 10991 | Lair:2   | 10991 ||| INVOKING Heroism.
 10994 | Lair:2   | Reached XP level 13. HP: 49/82 MP: 16/19
 10997 | Lair:2   | Reached skill level 9 in Invocations
 11125 | Lair:2   | 11125 ||| INVOKING Heroism.
 11163 | Lair:2   | 11163 ||| INVOKING Heroism.
 11183 | Lair:2   | 11183 ||| Stepping ~*~*~tactically~*~*~ (stealth).
 11234 | Lair:2   | 11234 ||| Stepping ~*~*~tactically~*~*~ (stealth).
 11392 | Lair:2   | 11392 ||| INVOKING Heroism.
 11438 | Lair:2   | 11438 ||| INVOKING Heroism.
 11468 | Lair:2   | Noticed Sonja
 11469 | Lair:2   | 11469 ||| INVOKING Finesse.
 11474 | Lair:2   | Killed Sonja
 11960 | Lair:3   | 11960 ||| Stepping ~*~*~tactically~*~*~ (stealth).
 11963 | Lair:3   | Reached skill level 13 in Axes
 11967 | Lair:3   | Received a gift from Okawaru
 12051 | Lair:3   | 12051 ||| INVOKING Heroism.
 12100 | Lair:3   | 12100 ||| INVOKING Heroism.
 12105 | Lair:3   | 12105 ||| SWAPPING to +0 war axe of flaming.
 12109 | Lair:3   | 12109 ||| SWAPPING to +1 heavy broad axe.
 12177 | Lair:3   | 12177 ||| INVOKING Heroism.
 12224 | Lair:3   | 12224 ||| READING scroll of enchant weapon.
 12224 | Lair:3   | 12224 ||| ENCHANTING +1 heavy broad axe.
 12242 | Lair:3   | 12242 ||| Stepping ~*~*~tactically~*~*~ (stealth).
 12249 | Lair:3   | 12249 ||| INVOKING Heroism.
 12267 | Lair:3   | 12267 ||| Stepping ~*~*~tactically~*~*~ (stealth).
 12457 | Lair:3   | Reached skill level 3 in Throwing
 12457 | Lair:3   | 12457 ||| Stepping ~*~*~tactically~*~*~ (stealth).
 12460 | Lair:3   | 12460 ||| Stepping ~*~*~tactically~*~*~ (stealth).
 12461 | Lair:3   | 12461 ||| Stepping ~*~*~tactically~*~*~ (stealth).
 12466 | Lair:3   | Found a staircase to the Snake Pit.
 12577 | Lair:3   | 12577 ||| Stepping ~*~*~tactically~*~*~ (stealth).
 12773 | Lair:3   | 12773 ||| INVOKING Heroism.
 12826 | Lair:3   | Found a staircase to the Shoals.
 13108 | Lair:4   | 13108 ||| INVOKING Heroism.
 13122 | Lair:4   | 13122 ||| SWAPPING to +0 war axe of flaming.
 13126 | Lair:4   | 13126 ||| SWAPPING to +2 heavy broad axe.
 13155 | Lair:4   | 13155 ||| Stepping ~*~*~tactically~*~*~ (stealth).
 13161 | Lair:4   | 13161 ||| Stepping ~*~*~tactically~*~*~ (stealth).
 13278 | Lair:4   | 13278 ||| INVOKING Heroism.
 13283 | Lair:4   | Reached skill level 14 in Axes
 13283 | Lair:4   | Gained mutation: Your large and strong wings let you fly.
                  | [Gargoyle growth]
 13283 | Lair:4   | Reached XP level 14. HP: 88/88 MP: 19/21
 13312 | Lair:4   | 13312 ||| DROPPING +1 heavy war axe.
 13386 | Lair:4   | Found a runed translucent door.
 13388 | Lair:4   | Found a shimmering altar of Xom.
 13388 | Lair:4   | Noticed qw's ghost (journeyman GrCA)
 13388 | Lair:4   | Identified the +7 scimitar "Nyov" {chaos, Fragile rF+ rN+++
                  | Str-4}
 13853 | Lair:4   | 13853 ||| INVOKING Heroism.
 14025 | Lair:4   | 14025 ||| READING scroll labelled NUOGIS BIVU.
 14126 | Lair:4   | 14126 ||| READING 13 scrolls of identify.
 14126 | Lair:4   | 14126 ||| IDENTIFYING blue potion
 14157 | Lair:5   | Entered Level 5 of the Lair of Beasts
 14203 | Lair:5   | 14203 ||| INVOKING Heroism.
 14204 | Lair:5   | 14204 ||| INVOKING Finesse.
 14308 | Lair:5   | 14308 ||| Stepping ~*~*~tactically~*~*~ (stealth).
 14317 | Lair:5   | Received a gift from Okawaru
 14389 | Lair:5   | 14389 ||| Stepping ~*~*~tactically~*~*~ (stealth).
 14415 | Lair:5   | 14415 ||| Stepping ~*~*~tactically~*~*~ (stealth).
 14416 | Lair:5   | 14416 ||| Stepping ~*~*~tactically~*~*~ (stealth).
 14418 | Lair:5   | 14418 ||| Stepping ~*~*~tactically~*~*~ (hiding).
 14423 | Lair:5   | 14423 ||| Stepping ~*~*~tactically~*~*~ (stealth).
 14473 | Lair:5   | 14473 ||| Stepping ~*~*~tactically~*~*~ (stealth).
 14489 | Lair:5   | 14489 ||| Stepping ~*~*~tactically~*~*~ (stealth).
 14499 | Lair:5   | 14499 ||| INVOKING Heroism.
 14511 | Lair:5   | 14511 ||| Stepping ~*~*~tactically~*~*~ (stealth).
 14512 | Lair:5   | 14512 ||| Stepping ~*~*~tactically~*~*~ (hiding).
 14513 | Lair:5   | 14513 ||| Stepping ~*~*~tactically~*~*~ (stealth).
 14528 | Lair:5   | Reached skill level 12 in Shields
 14539 | Lair:5   | 14539 ||| Stepping ~*~*~tactically~*~*~ (stealth).
 14540 | Lair:5   | 14540 ||| Stepping ~*~*~tactically~*~*~ (stealth).
 14550 | Lair:5   | 14550 ||| INVOKING Heroism.
 14565 | Lair:5   | 14565 ||| Stepping ~*~*~tactically~*~*~ (stealth).
 14587 | Lair:5   | Noticed a dire elephant
 14595 | Lair:5   | 14595 ||| INVOKING Heroism.
 14602 | Lair:5   | Killed a dire elephant
 14695 | Lair:5   | 14695 ||| Stepping ~*~*~tactically~*~*~ (stealth).
 14702 | Lair:5   | 14702 ||| INVOKING Heroism.
 14727 | Lair:5   | 14727 ||| INVOKING Heroism.
 14730 | Lair:5   | 14730 ||| Stepping ~*~*~tactically~*~*~ (stealth).
 14765 | Lair:5   | 14765 ||| INVOKING Heroism.
 14766 | Lair:5   | 14766 ||| Stepping ~*~*~tactically~*~*~ (stealth).
 14770 | Lair:5   | 14770 ||| INVOKING Finesse.
 14773 | Lair:5   | 14773 ||| SWAPPING to +0 war axe of flaming.
 14778 | Lair:5   | 14778 ||| SWAPPING to +2 heavy broad axe.
 14824 | Lair:5   | 14824 ||| Stepping ~*~*~tactically~*~*~ (stealth).
 14874 | Lair:5   | 14874 ||| Stepping ~*~*~tactically~*~*~ (hiding).
 14882 | Lair:5   | 14882 ||| Stepping ~*~*~tactically~*~*~ (hiding).
 15011 | Lair:5   | 15011 ||| Stepping ~*~*~tactically~*~*~ (hiding).
 15031 | Lair:5   | 15031 ||| Stepping ~*~*~tactically~*~*~ (hiding).
 15038 | Lair:5   | 15038 ||| Stepping ~*~*~tactically~*~*~ (stealth).
 15058 | Lair:5   | 15058 ||| Stepping ~*~*~tactically~*~*~ (stealth).
 15071 | Lair:5   | 15071 ||| Stepping ~*~*~tactically~*~*~ (stealth).
 15116 | Lair:5   | 15116 ||| Stepping ~*~*~tactically~*~*~ (stealth).
 15229 | Lair:5   | 15229 ||| INVOKING Heroism.
 15404 | Lair:5   | 15404 ||| Stepping ~*~*~tactically~*~*~ (stealth).
 15405 | Lair:5   | 15405 ||| Stepping ~*~*~tactically~*~*~ (stealth).
 15416 | Lair:5   | Reached skill level 15 in Axes
 15479 | Lair:5   | 15479 ||| INVOKING Heroism.
 15548 | Lair:5   | Found a viscous altar of Jiyva.
 15550 | Lair:5   | 15550 ||| INVOKING Heroism.
 15551 | Lair:5   | 15551 ||| INVOKING Finesse.
 15552 | Lair:5   | Found a staircase to the Slime Pits.
 15557 | Lair:5   | 15557 ||| DRINKING 2 potions of cancellation.
 15932 | Lair:5   | 15932 ||| Stepping ~*~*~tactically~*~*~ (stealth).
 15936 | Lair:5   | 15936 ||| Stepping ~*~*~tactically~*~*~ (stealth).
 15937 | Lair:5   | 15937 ||| Stepping ~*~*~tactically~*~*~ (stealth).
 15938 | Lair:5   | 15938 ||| Stepping ~*~*~tactically~*~*~ (hiding).
 15976 | Lair:5   | 15976 ||| Stepping ~*~*~tactically~*~*~ (stealth).
 15977 | Lair:5   | 15977 ||| Stepping ~*~*~tactically~*~*~ (stealth).
 16015 | Lair:5   | 16015 ||| Stepping ~*~*~tactically~*~*~ (stealth).
 16016 | Lair:5   | 16016 ||| Stepping ~*~*~tactically~*~*~ (stealth).
 16018 | Lair:5   | 16018 ||| Stepping ~*~*~tactically~*~*~ (hiding).
 16023 | Lair:5   | 16023 ||| INVOKING Heroism.
 16024 | Lair:5   | 16024 ||| INVOKING Finesse.
 16028 | Lair:5   | 16028 ||| Stepping ~*~*~tactically~*~*~ (cloud).
 16232 | Lair:5   | 16232 ||| PLANNING D
 16352 | D:12     | 16352 ||| INVOKING Heroism.
 16354 | D:12     | 16354 ||| Stepping ~*~*~tactically~*~*~ (hiding).
 16359 | D:12     | Reached XP level 15. HP: 50/95 MP: 20/22
 16365 | D:12     | Received a gift from Okawaru
 16367 | D:12     | Noticed Kirke
 16370 | D:12     | 16370 ||| Stepping ~*~*~tactically~*~*~ (stealth).
 16381 | D:12     | Killed Kirke
 16432 | D:12     | 16432 ||| INVOKING Heroism.
 16574 | D:12     | 16574 ||| INVOKING Heroism.
 16765 | D:12     | 16765 ||| Stepping ~*~*~tactically~*~*~ (hiding).
 16782 | D:12     | 16782 ||| Stepping ~*~*~tactically~*~*~ (hiding).
 16930 | D:12     | Reached skill level 12 in Fighting
 16964 | D:12     | Found Qexug's General Store.
 16972 | D:12     | 16972 ||| BUYING potion of magic (120 gold).
 16972 | D:12     | Bought a potion of magic for 120 gold pieces
 16972 | D:12     | 16972 ||| BUYING scroll of teleportation (45 gold).
 16972 | D:12     | Bought a scroll of teleportation for 45 gold pieces
 17184 | D:12     | Noticed Jorgrun
 17185 | D:12     | 17185 ||| INVOKING Heroism.
 17192 | D:12     | Killed Jorgrun
 17193 | D:12     | Reached skill level 6 in Throwing
 17220 | D:12     | 17220 ||| READING 14 scrolls of identify.
 17220 | D:12     | 17220 ||| IDENTIFYING inky potion
 17263 | D:13     | 17263 ||| STAIRDANCE
 17328 | D:13     | 17328 ||| Stepping ~*~*~tactically~*~*~ (hiding).
 17362 | D:13     | Found a gate to the Vaults.
 17387 | D:13     | Noticed Lodul
 17388 | D:13     | 17388 ||| Stepping ~*~*~tactically~*~*~ (hiding).
 17391 | D:13     | 17391 ||| INVOKING Heroism.
 17392 | D:13     | 17392 ||| INVOKING Finesse.
 17407 | D:13     | Killed Lodul
 17449 | D:13     | Identified the +0 ring mail of Fashionability {rPois rF-
                  | Regen+ Dex-2}
 17541 | D:13     | 17541 ||| Stepping ~*~*~tactically~*~*~ (hiding).
 17543 | D:13     | 17543 ||| Stepping ~*~*~tactically~*~*~ (hiding).
 17544 | D:13     | 17544 ||| Stepping ~*~*~tactically~*~*~ (hiding).
 17545 | D:13     | 17545 ||| Stepping ~*~*~tactically~*~*~ (hiding).
 17761 | D:13     | You are sucked into a shaft and drop 2 floors!
 17761 | D:15     | Entered Level 15 of the Dungeon
 17779 | D:15     | 17779 ||| READING 14 scrolls of identify.
 17779 | D:15     | 17779 ||| IDENTIFYING sedimented emerald potion
 17780 | D:15     | 17780 ||| DROPPING potion of berserk rage.
 17816 | D:14     | 17816 ||| Stepping ~*~*~tactically~*~*~ (hiding).
 17837 | D:14     | 17837 ||| Stepping ~*~*~tactically~*~*~ (hiding).
 17843 | D:14     | 17843 ||| INVOKING Heroism.
 17869 | D:14     | Noticed Frances
 17870 | D:14     | 17870 ||| Stepping ~*~*~tactically~*~*~ (hiding).
 17874 | D:14     | 17874 ||| INVOKING Finesse.
 17875 | D:14     | 17875 ||| INVOKING Heroism.
 17881 | D:14     | Killed Frances
 18007 | D:13     | 18007 ||| READING scroll of enchant weapon.
 18007 | D:13     | 18007 ||| ENCHANTING +2 heavy broad axe.
 18020 | D:13     | Identified the +11 dagger "Jenaxzay" {freeze, Int+2}
 18343 | D:14     | Identified the +0 chain mail of Uhull {Int+4}
 18349 | D:14     | 18349 ||| INVOKING Heroism.
 18373 | D:14     | Reached skill level 16 in Axes
 18386 | D:14     | Received a gift from Okawaru
 18399 | D:14     | 18399 ||| INVOKING Heroism.
 18576 | D:14     | 18576 ||| Stepping ~*~*~tactically~*~*~ (hiding).
 18738 | D:14     | Reached skill level 12 in Armour
 19170 | D:14     | 19170 ||| DROPPING +0 chain mail of Uhull {Int+4}.
 19227 | D:15     | 19227 ||| Stepping ~*~*~tactically~*~*~ (hiding).
 19230 | D:15     | Identified the ring of the Salamander {MP+9 Dex+6}
 19233 | D:15     | 19233 ||| Stepping ~*~*~tactically~*~*~ (hiding).
 19235 | Abyss:2  | Cast into level 2 of the Abyss (a wizard)
 19282 | Abyss:2  | Received a gift from Okawaru
 19307 | Abyss:2  | 19307 ||| Stepping ~*~*~tactically~*~*~ (hiding).
 19308 | Abyss:2  | 19308 ||| Stepping ~*~*~tactically~*~*~ (hiding).
 19340 | Abyss:2  | 19340 ||| Stepping ~*~*~tactically~*~*~ (stealth).
 19348 | Abyss:2  | 19348 ||| DRINKING 11 potions of curing.
 19348 | Abyss:2  | 19348 ||| (to cure confusion)
 19349 | Abyss:2  | 19349 ||| DRINKING 10 potions of curing.
 19349 | Abyss:2  | 19349 ||| (to cure confusion)
 19350 | Abyss:2  | 19350 ||| DRINKING 9 potions of curing.
 19350 | Abyss:2  | 19350 ||| (to cure confusion)
 19351 | Abyss:2  | 19351 ||| Stepping ~*~*~tactically~*~*~ (hiding).
 19352 | Abyss:2  | 19352 ||| DRINKING 8 potions of curing.
 19352 | Abyss:2  | 19352 ||| (to cure confusion)
 19358 | Abyss:2  | 19358 ||| DRINKING 7 potions of curing.
 19358 | Abyss:2  | 19358 ||| (to cure confusion)
 19359 | Abyss:2  | 19359 ||| DRINKING 6 potions of curing.
 19359 | Abyss:2  | 19359 ||| (to cure confusion)
 19360 | Abyss:2  | 19360 ||| DRINKING 5 potions of curing.
 19360 | Abyss:2  | 19360 ||| (to cure confusion)
 19363 | Abyss:2  | 19363 ||| DRINKING 4 potions of curing.
 19363 | Abyss:2  | 19363 ||| (to cure confusion)
 19365 | Abyss:2  | 19365 ||| DRINKING 3 potions of curing.
 19365 | Abyss:2  | 19365 ||| (to cure confusion)
 19368 | Abyss:2  | 19368 ||| DRINKING 2 potions of curing.
 19368 | Abyss:2  | 19368 ||| (to cure confusion)
 19369 | Abyss:2  | 19369 ||| DRINKING potion of curing.
 19369 | Abyss:2  | 19369 ||| (to cure confusion)
 19400 | Abyss:2  | HP: 20/96 [burnt (7)]
 19401 | Abyss:2  | 19401 ||| DRINKING 3 potions of heal wounds.
 19410 | Abyss:2  | HP: 20/96 [??? (5)]
 19411 | Abyss:2  | 19411 ||| DRINKING 2 potions of heal wounds.
 19418 | Abyss:2  | HP: 22/96 [raiju/living lightning (3)]
 19419 | Abyss:2  | 19419 ||| DRINKING potion of heal wounds.
 19422 | Abyss:2  | HP: 10/96 [smoke demon (4)]
 19429 | Abyss:2  | HP: 5/96 [smoke demon (5)]
 19429 | Abyss:2  | HP: 2/96 [raiju/living lightning (3)]
 19434 | Abyss:2  | Killed from afar by a raiju

Levels and vault maps discovered:
D:1:      shiori_arrival_maze, layout_loops_ring, moated_statue
D:2:      layout_basic, nicolae_kite_square_tiling_tiny, uniq_robin
D:3:      layout_loops_ring, minmay_overflow_temple_star_hex,
          kennysheep_generic_room_6
D:4:      layout_rooms, mainiacjoe_overflow_six_doors_small,
          nicolae_ossuary_entry_catacombs, uniq_duvessa, uniq_blork_the_orc,
          uniq_grinder
D:5:      layout_layer_cave, nicolae_shop_gadgets
D:6:      layout_basic, lemuel_coloured_pillars_altar, serial_bayou,
          serial_bayou_pond_e, serial_bayou_shore_b, serial_bayou_shore_b,
          serial_bayou_lagoon_b
D:7:      layout_basic, minmay_temple_entry_enclosed_plants,
          minmay_misc_feat_five, kennysheep_generic_room_3
D:8:      layout_basic, hangedman_decor_peaks_small, uniq_maurice, uniq_amaemon,
          uniq_erica
D:9:      layout_basic, erik_orc_3, grunt_ogre_cave
D:10:     layout_loops_cross, uniq_snorg
D:11:     layout_small_grid, due_lair_maze_entry_diamond, uniq_erolcha
D:12:     layout_loops_ring, serial_shops, shop, special_room
          [special_room_orc], uniq_kirke, uniq_jorgrun
D:13:     layout_irregular_city, david_vaults_2, small_chamber_with_monster,
          uniq_lodul
D:14:     layout_loops_ring, nicolae_eternal_life, uniq_frances
D:15:     grunt_enter_depths_snipers, layout_loops_ring,
          nzn_wu_jian_council_hall, uniq_louise, uniq_josephine
Temple:   hellmonk_temple_divided_pantheon
Lair:1:   layout_gridlike
Lair:2:   layout_cellular_growth, beast_lair_carwin_5, uniq_sonja
Lair:3:   layout_gridlike, elwin_shoals_entry_rooms, dummy_snake_entry,
          wad_woods_03, grunt_megastairs_5, infiniplex_staircase_pool,
          lemuel_fruit_fields
Lair:4:   layout_loops_ring, ebering_ghost_xom, lemuel_fruit_fields,
          serial_bayou_shore_a, grunt_megastairs_3
Lair:5:   hangedman_lair_caniforms_friends, layout_misc_corridors,
          guppyfry_lair_end_dragon, minmay_slime_entry_oklob_enclosed,
          lemuel_old_faithful
Abyss:2:  base: Lair:4, minivault_24, evilmike_abyss_exit_12

Skill      XL: |  1  2  3  4  5  6  7  8  9 10 11 12 13 14 15 |
---------------+----------------------------------------------+-----
Axes           | 2 3 4 5 6 7 8 9 10 11 12 14 15 16 | 16.0
Dodging        | 1 2 3 4 |  4.1
Fighting       | 5 6 7 9 10 11 12 | 12.0
Throwing       | 1 2 3 5 6 |  6.1
Armour         | 4 5 7 9 10 11 12 | 12.0
Shields        | 8 9 10 11 12 | 12.4
Invocations    | 3 4 8 10 | 10.0

Action                     |  1- 3 |  4- 6 |  7- 9 | 10-12 | 13-15 || total
---------------------------+-------+-------+-------+-------+-------++-------
  Melee: War axe           |    54 |   102 |    39 |       |    10 ||   205
         Kick              |     8 |    26 |    21 |       |       ||    55
         Broad axe         |       |       |   165 |   318 |   701 ||  1184
  Throw: Boomerang         |    33 |    23 |    58 |   107 |    59 ||   280
         Javelin           |       |       |       |       |    44 ||    44
 Invoke: Heroism           |       |       |       |    17 |    32 ||    49
         Finesse           |       |       |       |       |     7 ||     7
    Use: Scroll            |     4 |    11 |     3 |     5 |     6 ||    29
         Potion            |     2 |     2 |     1 |     1 |    15 ||    21
 Armour: Scale mail        |    27 |    35 |    13 |       |       ||    75
         Chain mail        |       |       |    91 |       |       ||    91
         Plate armour      |       |       |    42 |   206 |   409 ||   657
  Dodge: Dodged            |    18 |    25 |    90 |    88 |   242 ||   463
  Block: Buckler           |    10 |    19 |    37 |       |       ||    66
         Kite shield       |       |       |    26 |   297 |   513 ||   836
         Reflection        |       |       |       |     9 |    14 ||    23

Table legend:
 A = Non-vault XP
 B = Vault XP
 C = Vault XP percentage of total XP
 D = Non-vault monster count
 E = Vault monster count
 F = Vault count percentage of total count
                 A         B        C        D         E       F
            +---------+---------+-------+---------+---------+-------
      Total |   86644 |   36735 |  29.8 |     418 |     208 |  33.2
            +---------+---------+-------+---------+---------+-------
        D:1 |      15 |       3 |  16.7 |       8 |       2 |  20.0
        D:2 |      43 |      34 |  44.2 |      18 |      11 |  37.9
        D:3 |      48 |       9 |  15.8 |       7 |       3 |  30.0
        D:4 |     330 |     751 |  69.5 |      14 |      10 |  41.7
        D:5 |     758 |       0 |   0.0 |      18 |       0 |   0.0
        D:6 |    1110 |       0 |   0.0 |      34 |       0 |   0.0
        D:7 |     926 |     132 |  12.5 |      16 |       1 |   5.9
        D:8 |    1362 |    1379 |  50.3 |      21 |       2 |   8.7
        D:9 |    3702 |     427 |  10.3 |      26 |      15 |  36.6
       D:10 |    3361 |     951 |  22.1 |      18 |       1 |   5.3
       D:11 |    1687 |    2326 |  58.0 |      15 |      11 |  42.3
       D:12 |    7262 |    5191 |  41.7 |      20 |      25 |  55.6
       D:13 |    5385 |    3342 |  38.3 |      13 |      12 |  48.0
       D:14 |   11941 |    1493 |  11.1 |      23 |       1 |   4.2
       D:15 |     418 |       0 |   0.0 |       2 |       0 |   0.0
     Lair:1 |    6872 |       0 |   0.0 |      27 |       0 |   0.0
     Lair:2 |   13615 |    1948 |  12.5 |      45 |       7 |  13.5
     Lair:3 |    6898 |    1408 |  17.0 |      26 |       5 |  16.1
     Lair:4 |    8697 |    1074 |  11.0 |      36 |       2 |   5.3
     Lair:5 |    9393 |   16022 |  63.0 |      22 |      73 |  76.8
    Abyss:2 |    2821 |       0 |   0.0 |       9 |       0 |   0.0
    Ossuary |       0 |     245 | 100.0 |       0 |      27 | 100.0
            +---------+---------+-------+---------+---------+-------
